AoeStats
← Rexie

Black Forest

506480027Analyzed
4v4 RM · 20d ago on Sep 13, 2026· 66m 38s· 8 players
Game mode
Random Map
Map size
Large (8 player)
Population
200
Speed
Normal
Resources
Standard
Victory
Conquest
Starting age
Dark Age
Ending age
Imperial Age
RankedLock teamsTeams togetherTeam positionsShared explorationLock speedFull tech treeHidden civsTurbo modeCheats
Victory
Defeat
🇩🇪 Japanese · Germany
705
+12
🇫🇷 Tatars · France
663
+14
🇫🇷 Burgundians · France
661
+14
🇹🇷 Turks · Türkiye
643
+15
🇮🇳 Aztecs · India
669
-17
🇮🇳 Franks · India
635
-14
🇮🇳 Britons · India
608
-13
🇮🇳 Hindustanis · India
561
-11
Xav314
0:31 Loom
15:56 Feudal Age
20:16 Double-Bit Axe
25:13 Castle Age
24:53 Horse Collar
36:56 Imperial Age
34:39 Gold Mining
34:40 Treadmill Crane
36:47 Wheelbarrow
37:39 Ballistics
37:15 Fletching
38:26 Forging
38:21 Stone Mining
40:08 Iron Casting
39:28 Bodkin Arrow
40:12 Conscription
41:08 Timurid Siegecraft
43:18 Blast Furnace
42:15 Bodkin Arrow
42:25 Scale Barding Armor
42:35 Fortified Wall
43:43 Gold Shaft Mining
43:10 Heavy Plow
45:20 Chemistry
44:24 Scale Mail Armor
43:52 Capped Ram
44:36 Husbandry
44:46 Bloodlines
45:32 Caravan
46:17 Hand Cart
46:22 Masonry
47:08 Elite Keshik
47:46 Onager
48:16 Pikeman
49:40 Chain Barding Armor
50:28 Bracer
51:04 Plate Barding Armor
50:33 Bracer
53:25 Squires
52:45 Halberdier
54:15 Padded Archer Armor
54:28 Siege Ram
56:53 Arson
59:05 Siege Engineers
58:56 Murder Holes
59:18 Leather Archer Armor
61:42 Bow Saw
kalou.gautier
0:42 Loom
14:25 Feudal Age
22:25 Castle Age
20:34 Double-Bit Axe
20:34 Horse Collar
22:12 Bow Saw
25:20 Two-Man Saw
29:08 Wheelbarrow
30:13 Hand Cart
31:01 Fortified Wall
31:15 Ballistics
32:33 Heavy Plow
36:36 Imperial Age
34:50 Crop Rotation
36:39 Caravan
37:49 Husbandry
38:04 Cavalier
39:08 Conscription
41:02 Chemistry
39:28 Paladin
45:46 Scale Barding Armor
49:40 Chain Barding Armor
52:13 Pikeman
52:54 Squires
55:22 Padded Archer Armor
55:38 Fletching
56:30 Plate Barding Armor
62:17 Forging
65:08 Leather Archer Armor
64:54 Scale Mail Armor
64:54 Stone Mining
64:29 Elite Coustillier
65:15 Burgundian Vineyards
64:33 Capped Ram
64:36 Halberdier
65:02 Arson
64:40 Light Cavalry
65:47 Bombard Tower
65:26 Herbal Medicine
65:20 Town Watch
66:13 Stone Shaft Mining
woojt92
0:39 Loom
18:01 Feudal Age
19:48 Wheelbarrow
18:59 Town Watch
19:02 Double-Bit Axe
19:26 Fishing Lines
21:05 Gold Mining
21:06 Stone Mining
22:28 Horse Collar
26:03 Castle Age
26:07 Scale Mail Armor
26:18 Forging
25:59 Fletching
25:57 Arson
26:36 Gillnets
27:05 Hand Cart
26:51 Town Patrol
27:07 Bow Saw
28:02 Gold Shaft Mining
30:06 Iron Casting
29:46 Chain Mail Armor
29:34 Squires
32:05 Fervor
35:07 Imperial Age
34:07 Heavy Plow
35:02 Bodkin Arrow
37:15 Blast Furnace
36:55 Plate Mail Armor
37:37 Elite Samurai
38:20 Yasama
39:06 Hoardings
38:59 Conscription
38:33 Guard Tower
38:25 Treadmill Crane
38:31 Arrowslits
38:57 Fortified Wall
39:59 Kataparuto
40:29 Bracer
40:32 Murder Holes
41:19 Keep
41:06 Ballistics
48:19 Two-Man Saw
50:00 Chemistry
ErAser
2:08 Loom
13:07 Feudal Age
14:08 Double-Bit Axe
14:05 Horse Collar
14:12 Fishing Lines
17:16 Wheelbarrow
17:53 Gold Mining
18:19 Town Watch
19:59 Stone Mining
26:15 Castle Age
24:41 Padded Archer Armor
24:32 Fletching
28:00 Heavy Plow
28:13 Bow Saw
28:40 Gold Shaft Mining
28:05 Bodkin Arrow
28:25 Leather Archer Armor
28:27 Gillnets
29:20 Treadmill Crane
29:48 Caravan
31:23 Ballistics
33:11 Hand Cart
35:34 Imperial Age
33:07 Town Patrol
36:14 Fortified Wall
36:17 Masonry
35:38 Elite Janissary
36:19 Artillery
36:40 Conscription
36:54 Ring Archer Armor
38:54 Bracer
Wolvie
0:35 Loom
12:23 Feudal Age
14:22 Wheelbarrow
20:54 Castle Age
18:53 Fishing Lines
21:00 Forging
20:56 Scale Barding Armor
22:37 Double-Bit Axe
24:57 Husbandry
27:12 Bow Saw
27:37 Caravan
29:09 Gold Mining
31:28 Gold Shaft Mining
32:23 Hand Cart
33:28 Iron Casting
33:13 Chain Barding Armor
33:17 Fortified Wall
33:26 Masonry
38:19 Imperial Age
36:40 Chain Barding Armor
40:03 Blast Furnace
39:38 Plate Barding Armor
38:29 Cavalier
40:34 Chemistry
39:48 Siege Engineers
40:07 Ballistics
43:19 Paladin
47:05 Architecture
46:16 Pikeman
46:56 Squires
46:42 Arson
50:42 Heavy Scorpion
50:46 Halberdier
Rexie
1:07 Loom
14:39 Feudal Age
15:29 Town Watch
23:45 Castle Age
22:06 Stone Mining
22:16 Double-Bit Axe
24:01 Gold Mining
24:01 Horse Collar
26:53 Stone Shaft Mining
26:45 Bow Saw
28:12 Wheelbarrow
28:57 Fishing Lines
30:57 Gold Shaft Mining
30:51 Hand Cart
36:37 Imperial Age
35:07 Caravan
36:24 Husbandry
36:35 Bloodlines
36:51 Heavy Plow
38:26 Two-Man Saw
37:33 Town Patrol
39:38 Chemistry
38:51 Fortified Wall
40:02 Ballistics
39:53 Fortified Wall
39:50 Siege Engineers
41:07 Heavy Camel Rider
42:17 Conscription
44:02 Imperial Camel Rider
46:02 Forging
45:53 Scale Mail Armor
49:54 Elite Ghulam
Cocainwrld
0:28 Loom
15:09 Feudal Age
16:28 Wheelbarrow
20:34 Gold Mining
21:04 Double-Bit Axe
22:27 Horse Collar
25:39 Castle Age
26:42 Heavy Plow
26:56 Bow Saw
31:09 Hand Cart
33:10 Stone Mining
33:56 Gold Shaft Mining
41:53 Imperial Age
39:49 Yeomen
40:20 Padded Archer Armor
40:10 Fletching
41:04 Coinage
40:34 Caravan
43:25 Elite Longbowman
44:22 Town Watch
44:59 Leather Archer Armor
45:37 Bodkin Arrow
48:14 Conscription
48:00 Warwolf
57:57 Ring Archer Armor
57:28 Bracer
DARK_SaMURai
16:18 Feudal Age
17:44 Double-Bit Axe
18:21 Stone Mining
18:47 Fishing Lines
21:44 Horse Collar
25:24 Castle Age
24:38 Scale Mail Armor
26:14 Caravan
26:36 Bow Saw
25:56 Pikeman
26:00 Eagle Warrior
28:14 Gold Mining
29:38 Wheelbarrow
29:23 Squires
29:20 Gillnets
31:51 Forging
31:57 Chain Mail Armor
32:58 Hand Cart
35:33 Iron Casting
36:43 Fortified Wall
36:46 Arson
40:16 Imperial Age
38:12 Crossbowman
38:51 Fletching
39:01 Padded Archer Armor
39:34 Heavy Plow
40:07 Ballistics
41:01 Arbalester
Connection lost

Rejoining the realm…

Still unreachable

The connection could not be restored.

Session expired

The server has moved on; the page needs a fresh start.